cohdb
Replays
Latest Replays
All Replays
Popular Replays
Top Player Replays
Match Explorer
How It Works
Community
CoH3 Stats
Reddit
Sign in to upload your games and track your stats! →
Sign in with Steam
Match 38880435
Unlisted
Match 38880435
Overview
Messages
Build Orders
End
Construct Infanterie Kompanie
Selects Mechanized Battlegroup
MG 42 Machine Gun Team
Grenadier Squad
GrW 34 Mortar Team
Grenadier Squad
Medical Station
Construct Luftwaffe Kompanie
Selects Spotting Scopes
Flak 30 Anti-aircraft Gun Team
221 Scout Car
AI Takeover
dudulekiller
2015044103
zqian
somebody
DibbeTC
商鞅知马力比干见人心
祈鱼
很好很好很好啊
0
0
Comments
sign in to comment!
No comments posted yet!